 Dungeon Crawl Stone Soup version 0.17-a0-1421-g95311d7 (webtiles) character file.

331 Gorice the Magician (level 6, -11/37 HPs)
             Began as a Tengu Wanderer on June 24, 2015.
             Mangled by a mummy (17 damage)
             ... in an ossuary.
             The game lasted 00:19:24 (4018 turns).

Gorice the Magician (Tengu Wanderer)                Turns: 4018, Time: 00:19:24

Health: -11/37     AC:  6    Str: 16    XL:     6   Next: 52%
Magic:  12/12      EV: 10    Int: 12    God:
Gold:   93         SH:  0    Dex: 12    Spells: 1 memorised, 11 levels left

rFire  . . .     SeeInvis .     a - +1 dagger
rCold  . . .     Clarity  .     i - +0 ring mail
rNeg   . . .     SustAt   .     (no shield)
rPois  .         Gourm    .     (helmet restricted)
rElec  .         Spirit   .     (no cloak)
rCorr  .         Warding  .     n - +0 pair of gloves
rMut   .         Stasis   .     (boots unavailable)
MR     .....                    (no amulet)
Stlth  +.........               (no ring)
                                (no ring)

@: not resistant to hostile enchantments, very unstealthy
A: beak, talons 3, able to fly 1
a: Fly


You were in an ossuary.
You were not hungry.

You visited 1 branch of the dungeon, and saw 4 of its levels.
You also visited: Ossuary.

You collected 93 gold pieces.

Inventory:

Hand weapons
 a - a +1 dagger (weapon)
 b - a +0 hunting sling
 c - a +0 spear
 e - a +0 club
Missiles
 l - 15 steel bolts
 v - 21 bolts
 Z - 60 stones (quivered)
Armour
 d - a +0 robe
 h - a +0 scale mail
 i - a +0 ring mail (worn)
 n - a +0 pair of gloves (worn)
Jewellery
 p - an uncursed ring of fire
Magical devices
 C - a wand of frost (23)
Scrolls
 q - 2 scrolls of fog
 t - 3 scrolls of remove curse
 y - a scroll of noise {!r}
Potions
 k - a potion of heal wounds {!q}
 m - a potion of lignification {!q}
 o - 2 potions of curing
 r - a potion of agility {unknown}
 x - a potion of berserk rage {unknown}
 z - 2 potions of mutation {unknown}
 B - a potion of cancellation {unknown}
Books
 f - a Young Poisoner's Handbook
Comestibles
 g - 4 bread rations {!e}
 j - a royal jelly
 u - a beef jerky


   Skills:
 + Level 3.6 Fighting
 - Level 1.1 Dodging
 - Level 3.0 Stealth
   Level 1.0 Shields
 * Level 3.9 Spellcasting
 + Level 3.2 Conjurations
 + Level 2.9 Poison Magic


You had 11 spell levels left.
You knew the following spells:

 Your Spells              Type           Power        Failure   Level  Hunger
a - Sting                 Conj/Pois      #...         14%         1    #......


Dungeon Overview and Level Annotations

Branches:
Dungeon (4/15)
 Temple: D:4-7

Altars:
Vehumet

Shops:
D:4 }


Innate Abilities, Weirdness & Mutations

You have a beak for a mouth.
You have claws for feet.
You can fly.


Message History

The hound skeleton bites you.
Damage: 2 (max 2)
You hit the hound skeleton.
You claw the hound skeleton, but do no damage.
Your peck misses the hound skeleton. The hound skeleton bites you.
Damage: 2 (max 2)
You hit the hound skeleton but do no damage.
You peck the hound skeleton. The hound skeleton barely misses you.
The hound skeleton bites you but does no damage.
You hit the hound skeleton. The hound skeleton bites you.
Damage: 2 (max 2)
You hit the hound skeleton. You peck the hound skeleton.
You destroy the hound skeleton!
There is a sand-covered staircase here.
Eat which item? (? for menu, Esc to quit)
Mmm...
Goat cheese pizza.
The world spins around you as you enter the gateway.
You enter an ossuary! 3 mummies come into view.
Found a gate leading back out of this place.
There is an empty arch of ancient stone here.
There is a gate leading back out of this place here.
You open the door. 2 zombies come into view. 2 zombies come into view.
There is an open door here.
You hit the kobold zombie. You claw the kobold zombie.
You destroy the kobold zombie!
The rat zombie bites you but does no damage.
You hit the rat zombie. You claw the rat zombie.
The rat zombie bites you but does no damage.
You hit the rat zombie. The rat zombie closely misses you.
You hit the rat zombie.
You destroy the rat zombie!
The hobgoblin zombie barely misses you.
You hit the hobgoblin zombie. Your kick misses the hobgoblin zombie.
The hobgoblin zombie closely misses you.
You hit the hobgoblin zombie.
The hobgoblin zombie completely misses you.
The hobgoblin zombie closely misses you.
The hobgoblin zombie hits you.
Damage: 2 (max 2)
The hobgoblin zombie hits you.
Damage: 1 (max 2)
The mummy hits you!
Damage: 17 (max 17)
The mummy hits you.
* * * LOW HITPOINT WARNING * * *
The mummy hits you!
You die...

# ### ###
###.###.########..#
.........M#......##
........ZZ@M∩.∩...#
.........M#......##
###.###.########..#
### ###


You could see 3 mummies and 2 hobgoblin zombies.

Vanquished Creatures
  Sigmund (D:3)
  A hound (D:4)
  Natasha (D:3)
  A hound skeleton (D:4)
  3 adders
  3 oozes
  3 worms (D:2)
  A ball python (D:3)
  9 bats
  A bat skeleton (D:4)
  6 hobgoblins
  6 jackals
  A quokka (D:3)
  A giant cockroach (D:3)
  5 giant newts
  7 goblins
  5 kobolds
  A kobold zombie (Ossuary)
  A quokka skeleton (D:4)
  6 rats
  A rat zombie (Ossuary)
64 creatures vanquished.

Notes
Turn   | Place    | Note
--------------------------------------------------------------
     0 | D:1      | Gorice the Tengu Wanderer began the quest for the Orb.
     0 | D:1      | Gorice set off with: a Young Poisoner's Handbook, a potion of curing, a potion of lignification {!q}, a +0 robe, a +0 club, a +0 dagger, a bread ration {!e}
     0 | D:1      | Reached XP level 1. HP: 12/12 MP: 2/2
   294 | D:1      | Reached skill level 1 in Spellcasting
   303 | D:1      | Reached XP level 2. HP: 12/17 MP: 4/4
   689 | D:1      | HP: 5/17 [kobold/short sword (3)]
  1231 | D:1      | Reached XP level 3. HP: 11/22 MP: 4/6
  1234 | D:1      | Learned a level 1 spell: Sting
  1470 | D:1      | Reached skill level 2 in Spellcasting
  1629 | D:2      | Reached skill level 2 in Conjurations
  1638 | D:2      | Reached XP level 4. HP: 27/27 MP: 8/8
  2438 | D:3      | Found a radiant altar of Vehumet.
  2552 | D:3      | Noticed Natasha
  2560 | D:3      | HP: 8/27 [Natasha (7)]
  2587 | D:3      | Killed Natasha
  2811 | D:3      | Noticed Sigmund
  2833 | D:3      | HP: 5/27 [something (5)]
  2840 | D:3      | HP: 4/40 [something (1)]
  2847 | D:3      | HP: 3/40 [something (1)]
  2849 | D:3      | Killed Sigmund
  2849 | D:3      | Reached skill level 3 in Fighting
  2849 | D:3      | Reached skill level 3 in Spellcasting
  2849 | D:3      | Reached skill level 3 in Conjurations
  2849 | D:3      | Gained mutation: You can fly. [Tengu growth]
  2849 | D:3      | Reached XP level 5. HP: 4/32 MP: 3/11
  2849 | D:3      | Reached XP level 6. HP: 4/37 MP: 3/12
  3879 | D:4      | Found Qyciu's Gadget Shop.
  3986 | D:4      | Found a sand-covered staircase.
  4001 | Ossuary  | Entered an ossuary
  4018 | Ossuary  | HP: 6/37 [mummy (6)]
  4018 | Ossuary  | Mangled by a mummy

Vault maps used:
D:1:      evilmike_arrival_fibonacci_small, minivault_26, kennysheep_crisscross
D:2:      kennysheep_doodads, corexii_corridor_pit
D:3:      vehumet_crystals, feat_on_display, uniq_natasha, uniq_sigmund
D:4:      minmay_door_path, kennysheep_mini_moat, first_bread,
          nicolae_ossuary_entry_false_entrances, serial_shops, shop, uniq_edmund
Ossuary:  ossuary_minmay_chase

Action                   |  1- 3 |  4- 6 || total
-------------------------+-------+-------++-------
Melee: Dagger            |    97 |    98 ||   195
 Fire: Hunting sling     |    13 |    19 ||    32
 Cast: Sting             |     3 |    40 ||    43
  Use: Scroll            |     2 |     5 ||     7
       Potion            |       |     3 ||     3
 Stab: Sleeping          |     1 |     1 ||     2
  Eat: Chunk             |     2 |     8 ||    10
       Pizza             |       |     1 ||     1

Table legend:
 A = Turns spent in this place as a percentage of turns spent in the entire game.
 B = Non-inter-level travel turns spent in this place as a percentage of non-inter-level travel turns spent in the entire game.
 C = Inter-level travel turns spent in this place as a percentage of turns spent in this place.
 D = Turns resting spent in this place as a percentage of non-inter-level travel turns spent in this place.
 E = Turns spent auto-exploring this place as a percentage of non-inter-level travel turns spent in this place.
 F = Non-inter-level travel turns spent in this place divided by the number of levels of this place that you've seen.
                   A       B       C       D       E      F
               +-------+-------+-------+-------+-------+----------------------
         Total | 100.0 | 100.0 |   0.2 |   1.0 |   4.1 | 354.2
       Dungeon |  99.1 |  99.1 |   0.2 |   1.0 |   4.1 | 438.8
       Ossuary |   0.9 |   0.9 |   0.0 |   0.0 |   0.0 |  16.0
               +-------+-------+-------+-------+-------+----------------------

Vault maps used:
D:1:      evilmike_arrival_fibonacci_small, minivault_26, kennysheep_crisscross
D:2:      kennysheep_doodads, corexii_corridor_pit
D:3:      vehumet_crystals, feat_on_display, uniq_natasha, uniq_sigmund
D:4:      minmay_door_path, kennysheep_mini_moat, first_bread,
          nicolae_ossuary_entry_false_entrances, serial_shops, shop, uniq_edmund
Ossuary:  ossuary_minmay_chase
